 Dungeon Crawl Stone Soup version 0.29-a0-841-g116ddc6ace (webtiles) character file.

Game seed: 782160068763383441

21 frimble the Magician (level 2, 0/19 HPs)
             Began as a Demonspawn Hedge Wizard on July 15, 2022.
             Slain by a jackal (1 damage)
             ... on level 1 of the Dungeon.
             The game lasted 00:01:11 (881 turns).

frimble the Magician (Demonspawn Hedge Wizard)       Turns: 881, Time: 00:01:12

Health: 0/19       AC:  2    Str: 10    XL:     2   Next: 62%
Magic:  0/6        EV: 12    Int: 13    God:
Gold:   18         SH:  0    Dex: 12    Spells: 6/7 levels left

rFire   . . .      SeeInvis .   a - +0 dagger
rCold   . . .      Faith    .   (no shield)
rNeg    . . .      Spirit   .   b - +0 robe
rPois   .          Reflect  .   c - +0 hat
rElec   .          Harm     .   (no cloak)
rCorr   .          Rampage  .   (no gloves)
Will    .....                   (no boots)
Stlth   ++........              (no amulet)
HPRegen 0.06/turn               (no ring)
MPRegen 0.10/turn               (no ring)

@: no status effects
A: foul stench 1, dopey 1, sturdy frame 1
a: no special abilities


You were on level 1 of the Dungeon.
You visited 1 branch of the dungeon, and saw 2 of its levels.

You collected 18 gold pieces.

Inventory:

Hand Weapons
 a - a +0 dagger (weapon)
Armour
 b - a +0 robe (worn)
 c - a +0 hat (worn)


   Skills:
 + Level 0.6 Short Blades
 - Level 1.9 Dodging
 - Level 1.9 Stealth
 - Level 3.1 Spellcasting
 + Level 1.6 Conjurations
 - Level 1.2 Summonings
 - Level 1.1 Translocations


You had 6 spell levels left.
You knew the following spells:

 Your Spells              Type           Power      Damage    Failure   Level
a - Magic Dart            Conj           24%        1d4       12%         1

Your spell library contained the following spells:

 Spells                   Type           Power      Damage    Failure   Level
 Call Imp                 Summ           5%         N/A       21%         2
 Slow                     Hex            8%         N/A       22%         1
 Blink                    Tloc           8%         N/A       22%         2
 Conjure Flame            Conj/Fire      4%         6-21      45%         3
 Mephitic Cloud           Conj/Pois/Air  3%         N/A       50%         3


Dungeon Overview and Level Annotations

Branches:
Dungeon (2/15)

Altars:


Innate Abilities, Weirdness & Mutations

You may rarely emit foul miasma when damaged in melee.
You are dopey. (Int -2)
Your movements are slightly less encumbered by armour. (ER -2)


Message History

The jackal is moderately wounded.
The jackal bites you but does no damage.
Aiming: Magic Dart (safe; 11% risk of failure)
Press: ? - help, Q - select action Shift-Dir - straight line, f - jackal
Aim: a jackal (moderately wounded, 100% to hit)
The magic dart hits the jackal.
The jackal is severely wounded.
The jackal bites you.
* * * LOW HITPOINT WARNING * * *
The jackal bites you but does no damage.
Aiming: Magic Dart (safe; 11% risk of failure)
Press: ? - help, Q - select action Shift-Dir - straight line, f/p - jackal
Aim: a jackal (heavily wounded, 100% to hit)
The magic dart hits the jackal.
The jackal is severely wounded.
The jackal misses you.
You don't have enough magic to cast this spell.
You don't have enough magic to cast this spell.
You don't have enough magic to cast this spell.
Unknown command.
You barely miss the jackal.
The jackal is severely wounded.
The jackal bites you.
* * * LOW HITPOINT WARNING * * *
A goblin comes into view. It is wielding a +0 dagger.
The jackal completely misses you.
It was a potion of mutation.
You feel extremely strange.
You feel less encumbered by your armour.
You feel stupid.
The goblin shouts!
The jackal completely misses you.
As you read the scroll labelled XOOMOGANNO, it crumbles to dust.
It is a scroll of identify.
You don't have any unidentified items.
The jackal barely misses you.
You closely miss the jackal.
The jackal is severely wounded.
The jackal bites you but does no damage.
The jackal bites you.
You die...

#.# #....#.# #.#
.#..##.# #.# #. #.#
#. #.# #.. #[# #.#
#.# #.# #.#
#.#########..# #.#
#.....@hghg... #.#
#..########..#
##.#######..........
#...........##.#.###
##.#######....## ###
##.##.# #.# .. #)# #
#.#


You could see 2 jackals, a hobgoblin and a goblin.

Vanquished Creatures
  3 endoplasms (D:1)
  2 goblins (D:1)
  3 hobgoblins (D:1)
  7 jackals (D:1)
  A bat (D:1)
16 creatures vanquished.

Notes
Turn   | Place    | Note
-------+----------+-------------------------------------------
     0 | D:1      | frimble the Demonspawn Hedge Wizard began the quest for the
                  | Orb.
     0 | D:1      | Reached XP level 1. HP: 13/13 MP: 4/4
    20 | D:1      | Reached skill level 1 in Translocations
   105 | D:1      | Gained mutation: You may rarely emit foul miasma when
                  | damaged in melee. [demonic ancestry]
   105 | D:1      | Reached XP level 2. HP: 3/19 MP: 0/6
   879 | D:1      | Gained mutation: Your movements are slightly less
                  | encumbered by armour. (ER -2) [potion of mutation]
   879 | D:1      | Gained mutation: You are dopey. (Int -2) [potion of
                  | mutation]
   881 | D:1      | Slain by a jackal

Illustrated notes

Levels and vault maps discovered:
D:1:      saegor_arrival_simple_c, layout_loops_ring,
          chequers_serial_rivers_room_b, dk_noncrumbling_3
D:2:      layout_basic, basic_ecumenical_altar

Skill      XL: |  1 |
---------------+----+-----
Translocations | 1 |  1.1
Short Blades   | |  0.6
Dodging        | |  1.9
Stealth        | |  1.9
Spellcasting   | |  3.1
Conjurations   | |  1.6
Summonings     | |  1.2

Action                   || total
-------------------------++-------
Melee: Dagger            ||    43
 Cast: Magic Dart        ||    40
  Use: Potion            ||     2
       Scroll            ||     1
 Stab: Sleeping          ||     1
Armor: Robe              ||    12
Dodge: Dodged            ||    47

Table legend: (Time is in decaauts)
 A = Elapsed time spent in this place.
 B = Non-inter-level travel time spent in this place.
 C = Inter-level travel time spent in this place.
 D = Time resting spent in this place.
 E = Time spent auto-exploring this place.
 F = Levels seen in this place.
 G = Mean time per level.
                   A        B        C        D        E       F      G
               +--------+--------+--------+--------+--------+-----+--------+
         Total |    880 |    880 |      0 |    216 |    535 |   2 |  440.0 |
       Dungeon |    880 |    880 |      0 |    216 |    535 |   2 |  440.0 |
               +--------+--------+--------+--------+--------+-----+--------+

Top non-repeatable levels by time:
     D:1: 663 daAuts
     D:2: 217 daAuts
